 Dungeon Crawl Stone Soup version 0.24-a0-493-g7e4ddcd485 (webtiles) character file.

Game seed: 760090799058352266

35 Azzok the Firebug (level 3, 0/36 HPs)
             Began as a Barachi Fire Elementalist on July 12, 2019.
             Succumbed to an adder's poison
             ... on level 2 of the Dungeon.
             The game lasted 00:01:12 (1265 turns).

Azzok the Firebug (Barachi Fire Elementalist)       Turns: 1265, Time: 00:01:12

Health: 0/36       AC:  2    Str: 14    XL:     3   Next: 33%
Magic:  1/7        EV: 12    Int: 16    God:
Gold:   94         SH:  0    Dex: 12    Spells: 6/7 levels left

rFire    . . .     SeeInvis .   (no weapon)
rCold    . . .     Gourm    .   (no shield)
rNeg     . . .     Faith    .   a - +0 robe
rPois    .         Spirit   .   (no helmet)
rElec    .         Reflect  .   (no cloak)
rCorr    .         Harm     .   (no gloves)
MR       .....                  (no boots)
Stlth    ..........             (no amulet)
HPRegen  0.12/turn              (no ring)
MPRegen  0.10/turn              (no ring)

@: berserking (expiring), lethally poisoned (0 -> -8), very quick
A: +LOS, swims, slowness 1, strong legs 1
a: Hop


You were on level 2 of the Dungeon.
You were not hungry.

You visited 1 branch of the dungeon, and saw 2 of its levels.

You collected 94 gold pieces.

Inventory:

Armour
 a - a +0 robe (worn)
Jewellery
 i - an uncursed ring of ice
Scrolls
 d - a scroll of enchant weapon {unknown}
 j - a scroll of fear {unknown}
 l - a scroll of teleportation {unknown}
Potions
 b - a potion of agility {unknown}
 e - a potion of berserk rage
 f - a potion of curing {unknown}
 g - a potion of lignification {unknown}
 h - a potion of haste {unknown}
Comestibles
 c - 3 rations


   Skills:
 - Level 2.1 Dodging
 - Level 1.7 Stealth
 + Level 2.8 Spellcasting
 + Level 2.1 Conjurations
 + Level 3.8 Fire Magic


You had 6 spell levels left.
You knew the following spells:

 Your Spells              Type           Power        Failure   Level  Hunger
a - Flame Tongue          Conj/Fire      ##...        5%          1    #......

Your spell library contained the following spells:

 Spells                   Type           Power        Failure   Level  Hunger
 Throw Flame              Conj/Fire      ##....       9%          2    ##.....
 Conjure Flame            Conj/Fire      ##......     17%         3    ###....
 Inner Flame              Hex/Fire       #.......     26%         3    ###....
 Sticky Flame             Conj/Fire      ##......     50%         4    #####..
 Fireball                 Conj/Fire      ##........   83%         5    ######.


Dungeon Overview and Level Annotations

Branches:
Dungeon (2/15)

Altars:
Elyvilon


Innate Abilities, Weirdness & Mutations

Shadows flee at your approach. (+LOS)
You can swim through water.
You cover ground slowly.
You can hop short distances.


Message History

* * * LOW HITPOINT WARNING * * *
You feel sick. The adder barely misses you.
You miss the adder.
The adder is almost dead.
The adder bites you.
* * * LOW HITPOINT WARNING * * *
You punch the adder!
You kill the adder!
* * * LOW HITPOINT WARNING * * *
You feel sick.
You punch the kobold!
You kill the kobold!
* * * LOW HITPOINT WARNING * * *
You feel sick.
There is a lethal amount of poison in your body!
You are too berserk!
You feel a strong urge to attack something.
* * * LOW HITPOINT WARNING * * *
You feel sick.
You die...

▒▒ ▒·······▒ ▒·····▒ ·▒
▒·······▒▒▒▒▒··▒▒·▒ ▒
·▒▒▒▒▒···········((····▒·▒▒▒
·····(······················
)·÷(··)·····▒▒▒▒▒)··········
···▒···≈≈≈···▒ ▒·▒▒(·▒···▒▒▒
·▒▒▒··≈≈≈≈≈··▒ ▒·▒▒······▒
·▒▒▒··≈≈♣≈≈··▒▒▒·····▒··▒▒
······≈≈≈≈≈····▒@▒▒·····▒
·▒▒♣···≈≈≈···♣▒▒····▒▒···w
▒▒ ♣♣·······♣♣ ▒▒·······▒)▒
♣♣·····♣♣ ·······▒·▒ ♣♣···♣♣
·$·▒▒··▒ ▒ ♣·····♣ ···▒ $·
♣·······♣ ···▒ · ♣···≈≈≈···♣
·▒▒▒ ♣··≈≈≈≈≈··♣ ·▒


There were no monsters in sight!

Vanquished Creatures
  An adder (D:2)
  2 dart slugs
  2 leopard geckos
  2 ball pythons
  3 goblins (D:1)
  A hobgoblin (D:1)
  A frilled lizard (D:1)
  4 kobolds
  4 rats
20 creatures vanquished.

Notes
Turn   | Place    | Note
-------+----------+-------------------------------------------
     0 | D:1      | Azzok the Barachi Fire Elementalist began the quest for the
                  | Orb.
     0 | D:1      | Reached XP level 1. HP: 13/13 MP: 3/3
   275 | D:1      | Reached XP level 2. HP: 19/19 MP: 0/5
  1191 | D:2      | Found a white marble altar of Elyvilon.
  1247 | D:2      | Reached XP level 3. HP: 20/24 MP: 4/7
  1262 | D:2      | HP: 1/36 [poisoned by an adder]
  1265 | D:2      | Succumbed to an adder's poison

Levels and vault maps discovered:
D:1:      mrwooster_arrival_statue, layout_basic
D:2:      layout_basic, nicolae_overflow_hidden_temple,
          nicolae_qazlal_eye_of_the_storm, elyvilon_altar_3,
          lexackson_kobold_supper

Skill      XL: |  1  2 |
---------------+-------+-----
Conjurations   | 2 |  2.1
Dodging        | |  2.1
Stealth        | |  1.7
Spellcasting   | |  2.8
Fire Magic     | |  3.8

Action                   || total
-------------------------++-------
Melee: Unarmed           ||    13
 Cast: Flame Tongue      ||    33
  Use: Potion            ||     1
  Eat: Chunk             ||     2
Armor: Robe              ||     7
Dodge: Dodged            ||    21

Table legend:
 A = Non-vault XP
 B = Vault XP
 C = Vault XP percentage of total XP
 D = Non-vault monster count
 E = Vault monster count
 F = Vault count percentage of total count
                 A         B        C        D         E       F
            +---------+---------+-------+---------+---------+-------
      Total |      50 |       0 |   0.0 |      20 |       0 |   0.0
            +---------+---------+-------+---------+---------+-------
        D:1 |      22 |       0 |   0.0 |      12 |       0 |   0.0
        D:2 |      28 |       0 |   0.0 |       8 |       0 |   0.0
            +---------+---------+-------+---------+---------+-------
